 Dungeon Crawl Stone Soup version 0.20.1-1-g8b1a95d (webtiles) character file.

129 Lorindel the Magician (level 4, -2/31 HPs)
             Began as a Mummy Wizard on Aug 4, 2017.
             Slain by a leopard gecko (4 damage)
             ... on level 2 of the Dungeon.
             The game lasted 00:12:05 (1988 turns).

Lorindel the Magician (Mummy Wizard)                Turns: 1988, Time: 00:12:06

Health: -2/31      AC:  3    Str: 10    XL:     4   Next: 88%
Magic:  3/11       EV: 12    Int: 18    God:
Gold:   52         SH:  0    Dex: 10    Spells: 3/13 levels left

rFire    . . .     SeeInvis .   j - +0 scythe
rCold    + . .     Gourm    .   (shield currently unavailable)
rNeg     + + +     Faith    .   k - +0 robe
rPois    ∞         Spirit   .   b - +0 hat
rElec    .         Reflect  .   g - +0 cloak
rCorr    .         Harm     .   (no gloves)
MR       .....                  (no boots)
Stlth    ++........             (no amulet)
Regen    0.1/turn               a - ring of protection from fire
MPRegen  0.2/turn               (no ring)

@: very slightly contaminated
A: no food or potions, fire vulnerability, cold resistance 1, negative energy
resistance 3, torment resistance, unbreathing
a: no special abilities


You were on level 2 of the Dungeon.
You were not hungry.

You visited 1 branch of the dungeon, and saw 2 of its levels.

You collected 52 gold pieces.

Inventory:

Hand Weapons
 e - a +0 dagger
 j - a +0 scythe (weapon)
Missiles
 f - 32 stones (quivered)
Armour
 b - a +0 hat (worn)
 d - a +0 robe
 g - a +0 cloak (worn)
 k - a +0 robe (worn)
Jewellery
 a - a ring of protection from fire (left hand)
Scrolls
 h - 2 scrolls of identify {unknown}
 i - a scroll of random uselessness {unknown}
Books
 c - a book of Minor Magic

   Spells                             Type                      Level
   a - Magic Dart                     Conjuration                  1
   b - Blink                          Translocation                2
   c - Call Imp                       Summoning                    2
   d - Slow                           Hexes                        2
   e - Conjure Flame                  Conjuration/Fire             3
   f - Mephitic Cloud                 Conjuration/Poison/Air       3


   Skills:
 + Level 0.6 Fighting
 + Level 1.9 Dodging
 + Level 1.8 Stealth
 * Level 5.4 Spellcasting
 + Level 1.1 Conjurations
 + Level 0.6 Hexes
 + Level 1.2 Summonings
 + Level 1.2 Translocations
 + Level 0.5 Air Magic
 + Level 0.5 Poison Magic


You had 3 spell levels left.
You knew the following spells:

 Your Spells              Type           Power        Failure   Level  Hunger
a - Magic Dart            Conj           #...         8%          1    N/A
b - Call Imp              Summ           #.......     12%         2    N/A
c - Slow                  Hex            #.......     14%         2    N/A
d - Blink                 Tloc           N/A          12%         2    N/A
e - Mephitic Cloud        Conj/Pois/Air  #.......     28%         3    N/A

Dungeon Overview and Level Annotations

Branches:
Dungeon (2/15)

Altars:
Kikubaaqudgha
Zin


Innate Abilities, Weirdness & Mutations

You do not eat or drink.
Your flesh is vulnerable to fire.
You are immune to poison.
Your flesh is cold resistant. (rC+)
You are immune to negative energy. (rN+++)
You are immune to unholy pain and torment.
You can survive without breathing.


Message History

The leopard gecko misses you.
Casting: Magic Dart
Confirm with . or Enter, or press ? or * to list all spells.
You blink.
Casting: Blink
Confirm with . or Enter, or press ? or * to list all spells.
A beastly little devil appears in a puff of flame.
You closely miss the leopard gecko.
The leopard gecko is moderately wounded.
The leopard gecko misses you.
Your crimson imp blinks!
The leopard gecko bites you but does no damage.
You barely miss the leopard gecko.
The leopard gecko is moderately wounded.
The leopard gecko bites you.
* * * LOW HITPOINT WARNING * * *
The leopard gecko bites you.
* * * LOW HITPOINT WARNING * * *
The leopard gecko bites you.
You die...

##..#.############........#
#†)#.<### #.#......#
#..#....# #.#......#
....##.#.# #.#......#
##...#..#.# #.#.....##
....##.#.# #######.#.###.#
###..##.#.###..§........#.#
#.....#....5l.....#.#.# #
#..########@##....#...#
#....##.#####
#######.#####.###
#.†.5h...(# ####†l....#
......# ......# ......#
......#


You could see a leopard gecko and a friendly crimson imp.

Vanquished Creatures
  3 dart slugs (D:1)
  2 leopard geckos (D:1)
  2 giant cockroaches (D:1)
  A goblin (D:1)
  A hobgoblin (D:1)
  4 kobolds (D:1)
  A ball python (D:1)
  3 bats (D:1)
  A frilled lizard (D:1)
  4 rats
22 creatures vanquished.

Vanquished Creatures (collateral kills)
  Sigmund (D:2)
  A leopard gecko (D:1)
  2 bats (D:1)
  A giant cockroach (D:1)
  3 hobgoblins
  3 jackals
  2 ball pythons (D:1)
  2 frilled lizards
  A rat (D:1)
16 creatures vanquished.

Grand Total: 38 creatures vanquished

Notes
Turn   | Place    | Note
-------+----------+-------------------------------------------
     0 | D:1      | Lorindel the Mummy Wizard began the quest for the Orb.
     0 | D:1      | Reached XP level 1. HP: 13/13 MP: 5/5
   581 | D:1      | Reached XP level 2. HP: 13/19 MP: 7/7
   593 | D:1      | Learned a level 2 spell: Call Imp
   596 | D:1      | Learned a level 2 spell: Slow
   599 | D:1      | Learned a level 2 spell: Blink
  1096 | D:1      | Reached skill level 1 in Summonings
  1231 | D:1      | Reached XP level 3. HP: 13/24 MP: 5/9
  1236 | D:1      | Learned a level 3 spell: Mephitic Cloud
  1299 | D:1      | Reached skill level 5 in Spellcasting
  1748 | D:2      | Noticed Sigmund
  1765 | D:2      | Killed Sigmund
  1765 | D:2      | Reached skill level 1 in Conjurations
  1765 | D:2      | Reached skill level 1 in Translocations
  1765 | D:2      | Reached XP level 4. HP: 27/31 MP: 1/11
  1869 | D:2      | Found an ancient bone altar of Kikubaaqudgha.
  1869 | D:2      | Found a glowing silver altar of Zin.
  1988 | D:2      | Slain by a leopard gecko

Skill      XL: |  1  2  3 |
---------------+----------+-----
Summonings     | 1 |  1.2
Spellcasting   | 5 |  5.4
Conjurations   | 1 |  1.1
Translocations | 1 |  1.2
Fighting       | |  0.6
Dodging        | |  1.9
Stealth        | |  1.8
Hexes          | |  0.6
Air Magic      | |  0.5
Poison Magic   | |  0.5

Action                   |  1- 3 |  4- 6 || total
-------------------------+-------+-------++-------
Melee: Dagger            |    94 |       ||    94
       Unarmed           |    13 |       ||    13
       Scythe            |       |    24 ||    24
Throw: Stone             |       |     1 ||     1
 Cast: Magic Dart        |    17 |     3 ||    20
       Call Imp          |     9 |     5 ||    14
       Slow              |     1 |       ||     1
       Blink             |       |     2 ||     2
  Use: Scroll            |     3 |       ||     3
 Stab: Sleeping          |     2 |       ||     2
Armor: Robe              |    38 |    13 ||    51
Dodge: Dodged            |    70 |    39 ||   109
